cohdb
Replays
Latest Replays
All Replays
Popular Replays
Top Player Replays
Match Explorer
How It Works
Community
CoH3 Stats
Reddit
Sign in to upload your games and track your stats! →
Sign in with Steam
Match 47056170
Unlisted
Match 47056170
Overview
Messages
Build Orders
End
Selects Italian Combined Arms Battlegroup
Selects Bersaglieri Squad
Bersaglieri Squad
250 Light Carrier
Bersaglieri Squad
Construct Light Support Kompanie
Combat Half-tracks
2.5-tonne Medical Truck
Selects Bersaglieri Bolster
Fire Support Elements
Flakvierling Half-track
Pak 38 Mechanized Group
Selects Vehicle Support - Force Recon
Selects Breda Model 30 Light Machine Guns
MG34 Team
Construct Panzerarmee Kommand
Forward Retreat Point
Walking Stuka Rocket Launcher
Construct Mechanized Kompanie
Pak 38 Mechanized Group
Selects Semovente da 75/18 Assault Gun
Selects Strafing Run
Selects Artillery Cover
Armored Reserves
Vehicle Survival Package
Artillery Cover
Tiger Heavy Tank
Emergency Repair Kits
Rapid Advance
Wheanors McQueen
Robbenklopper
FLOKL
Frenzy
Weebanori
PlammX
StormblasT
Marty McFly
0
0
Comments
sign in to comment!
No comments posted yet!